Map: Heavy Artillery LE

Players

Inquisition - Winner!

  • Race: Protoss Protoss
  • League: Platinum
  • Spawn Location: 3:00

DGEFFERSON - Winner!

  • Race: Terran Terran
  • Spawn Location: 1:00

qqq

  • Race: Zerg Zerg
  • Spawn Location: 7:00

Massa

  • Race: Terran Terran
  • League: Platinum
  • Spawn Location: 7:00

VOD

Have the link to the VOD?

Description

Time

  • Played on: Nov. 9, 2020, 3:09 p.m.
  • Length: 8:05
Show
View Real Time Build Order
Export as new Build Order

Inquisition Protoss - Winner!

Build Orders:  

Get SALT Encoding   

  12  0:00  Probe  
  13  0:14  Pylon  
  13  0:19  Assimilator  
  13  0:24  Probe (Chrono Boost)  
  14  0:36  Gateway  
  14  0:39  Probe (Chrono Boost)  
  15  0:51  Probe  
  15  0:53  Assimilator  
  16  1:04  Probe (Chrono Boost)  
  17  1:14  Probe (Chrono Boost)  
  18  1:19  Probe (Chrono Boost)  
  19  1:30  Probe  
  19  1:31  Cybernetics Core  
  20  1:41  Pylon  
  20  1:42  Probe  
  20  1:46  Zealot  
  23  1:53  Pylon  
  23  1:59  Probe  
  24  2:12  Stargate  
  24  2:17  Stargate  
  24  2:20  Probe (Chrono Boost)  
  25  2:32  Probe (Chrono Boost)  
  26  2:48  Probe  
  27  2:54  Void Ray (Chrono Boost)  
  27  2:55  Void Ray (Chrono Boost)  
  35  3:07  Probe  
  36  3:18  Pylon  
  36  3:19  Probe  
  37  3:33  Void Ray (Chrono Boost)  
  41  3:44  Void Ray  
  41  3:45  Pylon  
  45  4:19  Void Ray  
  49  4:52  Void Ray  
  39  5:08  Void Ray  
  39  5:26  Nexus  
  39  5:28  Probe  
  40  5:29  Assimilator  
  40  5:31  Assimilator  
  40  5:34  Void Ray  
  40  5:40  Probe  
  45  5:52  Probe  
  46  6:11  Void Ray  
  50  6:26  Pylon  
  50  6:27  Probe (Chrono Boost)  
  50  6:29  Pylon  
  51  6:38  Probe (Chrono Boost)  
  53  6:40  Probe (Chrono Boost)  
  53  6:42  Void Ray  
  55  6:47  Probe (Chrono Boost)  
  55  6:48  Probe (Chrono Boost)  
  55  6:53  Probe x2 (Chrono Boost)  
  61  7:06  Probe  
  62  7:09  Void Ray  
  62  7:18  Probe  
Show
View Real Time Build Order
Export as new Build Order

DGEFFERSON Terran - Winner!

Build Orders: Reaper Expand 

Get SALT Encoding   

  12  0:00  SCV  
  13  0:12  SCV  
  14  0:17  Supply Depot  
  14  0:25  SCV  
  15  0:38  SCV  
  15  0:40  Barracks  
  16  0:44  Refinery  
  16  0:51  SCV  
  17  1:03  SCV  
  18  1:29  Reaper  
  19  1:33  Orbital Command  
  19  1:43  Supply Depot  
  19  1:51  Command Center  
  19  1:58  SCV  
  20  2:03  Barracks Reactor  
  20  2:10  SCV  
  21  2:26  Barracks  
  21  2:27  SCV  
  21  2:45  Marine x2  
  21  2:47  SCV  
  24  2:51  Refinery  
  24  2:59  SCV  
  24  3:03  SCV  
  26  3:08  Marine x2  
  26  3:11  SCV  
  29  3:15  SCV  
  30  3:23  Barracks Tech Lab  
  30  3:26  Marine x2  
  32  3:30  Command Center  
  32  3:38  SCV  
  33  3:41  SCV  
  33  3:44  Marine x2  
  33  3:46  Marauder, Stimpack  
  38  3:50  SCV  
  38  3:52  Barracks  
  38  3:53  SCV  
  38  3:55  Supply Depot  
  40  4:02  SCV, Marine x2  
  42  4:06  SCV  
  44  4:10  Marauder  
  46  4:17  SCV  
  46  4:18  SCV  
  46  4:20  Marine x2  
  46  4:22  Supply Depot  
  50  4:29  SCV  
  50  4:30  SCV  
  52  4:32  Marauder  
  54  4:40  Barracks Reactor  
  54  4:42  Engineering Bay, Marine x2  
  54  4:43  SCV x3  
  59  4:53  Refinery  
  59  4:55  SCV  
  59  4:56  Marauder  
  59  4:58  SCV  
  59  4:59  SCV, Marine x2  
  66  5:08  SCV  
  66  5:09  Terran Infantry Weapons Level 1  
  66  5:10  Factory  
  66  5:11  SCV x2  
  69  5:17  Marauder, Marine x4  
  69  5:20  SCV  
  76  5:23  SCV  
  77  5:31  Supply Depot x2  
  77  5:46  Supply Depot  
  77  5:47  Supply Depot  
  77  5:52  Marine x4  
  77  5:53  SCV, Marauder  
  77  5:54  Factory Reactor  
  77  5:56  Starport  
  84  5:58  SCV  
  84  5:59  SCV  
  86  6:05  SCV  
  86  6:09  Supply Depot  
  86  6:10  SCV, Supply Depot  
  88  6:16  Marauder, Marine x4  
  94  6:25  Engineering Bay  
  94  6:26  SCV  
  94  6:30  Combat Shield  
  95  6:34  Marine x4  
  95  6:37  Marauder  
  95  6:39  Barracks, Medivac x2  
  106  6:42  Factory Reactor  
  106  6:46  SCV  
  108  6:47  Orbital Command  
  108  6:50  Orbital Command  
  108  6:52  Marine x4  
  110  6:58  SCV  
  110  6:59  Marauder  
  113  7:09  Marine x2, Medivac x2  
  113  7:10  Marine x2  
  121  7:19  Widow Mine x2  
  125  7:26  Refinery  
  125  7:30  Refinery  
  125  7:35  Supply Depot  
  125  7:37  Supply Depot x3  
  125  7:41  SCV x3, Marine x5  
Show
View Real Time Build Order
Export as new Build Order

qqq Zerg 

Build Orders: Hatch First 

Get SALT Encoding   

  12  0:03  Drone  
  13  0:11  Drone  
  14  0:38  Hatchery  
  14  0:42  Drone  
  14  0:58  Spawning Pool  
  13  1:19  Overlord  
  13  1:20  Drone  
  13  1:23  Extractor  
  13  1:24  Drone  
  14  1:38  Drone  
  15  1:50  Drone  
  15  1:51  Drone  
  15  1:53  Queen  
  19  1:56  Queen  
  21  2:02  Drone  
  22  2:18  Drone x2  
  22  2:20  Drone x2  
  26  2:45  Drone x2  
  26  2:46  Overlord x3  
  28  2:55  Lair  
  28  3:04  Extractor, Drone x2  
  29  3:06  Drone  
  29  3:11  Drone  
  31  3:13  Drone  
  32  3:25  Spore Crawler  
  31  3:32  Drone x3  
  31  3:33  Drone  
  31  3:34  Drone  
  36  3:36  Spore Crawler  
  36  3:39  Drone  
  36  3:45  Drone  
  36  3:47  Drone x2  
  39  3:51  Queen  
  41  3:58  Spore Crawler  
  40  4:06  Spire  
  40  4:08  Spore Crawler  
  40  4:09  Drone  
  39  4:10  Drone  
  39  4:11  Drone  
  39  4:14  Drone  
  39  4:16  Drone  
  42  4:44  Zergling x2  
  42  4:45  Zergling x2  
  41  5:10  Spire  
  41  5:11  Drone x2  
  41  5:12  Zergling x2  
  41  5:13  Drone  
  44  5:28  Hatchery  
  44  5:30  Extractor  
  44  5:31  Extractor  
  41  5:36  Drone x3  
  41  5:39  Hatchery, Overlord x2  
  43  5:49  Hatchery  
  42  6:05  Infestation Pit  
  42  6:06  Spore Crawler  
  40  6:15  Drone x3  
  40  6:16  Drone x2  
  45  6:24  Mutalisk x2  
  45  6:25  Mutalisk x2  
  51  6:31  Drone  
  51  6:32  Drone x2  
  56  6:41  Mutalisk  
  56  6:44  Drone  
  59  6:48  Mutalisk  
  59  6:50  Drone  
  59  6:51  Drone  
  63  7:03  Mutalisk  
  63  7:07  Drone  
  63  7:08  Drone x4  
  70  7:15  Spore Crawler  
  70  7:16  Spore Crawler  
  68  7:24  Drone, Spore Crawler  
  68  7:25  Drone x6  
  68  7:26  Mutalisk  
  68  7:27  Overlord  
  68  7:28  Overlord x4  
  75  7:45  Baneling Nest  
  75  7:50  Drone x4  
Show
View Real Time Build Order
Export as new Build Order

Massa Terran 

Build Orders:  

Get SALT Encoding   

  12  0:00  SCV  
  13  0:12  SCV  
  14  0:24  SCV  
  14  0:25  Supply Depot  
  15  0:35  Refinery  
  15  0:46  SCV  
  15  0:48  Barracks  
  16  0:59  SCV  
  17  1:11  SCV  
  18  1:23  SCV  
  19  1:34  Reaper  
  19  1:35  SCV  
  21  1:45  Command Center  
  21  1:47  Orbital Command  
  21  2:06  Marine  
  22  2:09  Factory  
  22  2:17  SCV  
  22  2:20  Supply Depot  
  23  2:32  Barracks Reactor  
  23  2:41  SCV  
  24  2:52  Factory Tech Lab  
  24  2:53  Command Center  
  24  2:55  SCV  
  25  3:00  Orbital Command  
  25  3:07  SCV  
  26  3:28  SCV x2  
  26  3:33  Engineering Bay  
  28  3:40  Cyclone, Barracks  
  31  3:41  Marine x2  
  33  3:55  SCV x2  
  34  3:59  Marine x2  
  36  4:07  SCV x2  
  36  4:09  Missile Turret  
  38  4:12  Cyclone  
  38  4:13  Missile Turret  
  38  4:16  Missile Turret  
  41  4:17  Marine x2  
  41  4:19  Missile Turret  
  40  4:42  Orbital Command  
  40  4:43  SCV  
  40  4:44  SCV, Cyclone  
  45  4:46  Marine x2  
  45  4:49  Barracks Tech Lab  
  47  4:55  SCV  
  47  4:56  SCV  
  49  5:04  Marine x2  
  51  5:11  Stimpack  
  51  5:15  SCV x2  
  51  5:16  SCV  
  54  5:27  SCV  
  54  5:28  SCV x2  
  57  5:30  Refinery  
  57  5:35  Marine x2  
  59  5:39  SCV  
  59  5:42  Refinery  
  60  5:44  Refinery  
  60  5:52  Marine  
  60  5:53  Command Center  
  61  5:59  Supply Depot  
  61  6:01  Supply Depot  
  61  6:02  Missile Turret  
  61  6:19  Factory Reactor  
  61  6:20  Marine x2  
  61  6:21  SCV x3  
  61  6:22  Missile Turret  
  61  6:23  Supply Depot  
  66  6:28  Supply Depot  
  66  6:33  SCV x3, Factory  
  66  6:38  Marine  
  70  6:44  Marine  
  70  6:45  SCV x3, Missile Turret  
  70  6:46  Marauder  
  76  6:56  Marine  
  76  6:58  Starport  
  77  7:02  Marine  
  77  7:05  Missile Turret  
  77  7:08  Marauder  
  77  7:14  Marine  
  75  7:21  Marine  
  76  7:26  Missile Turret  
  76  7:27  Factory Tech Lab  
  76  7:33  Factory  
  76  7:36  Marine  
  77  7:47  Missile Turret  
Tags
 
Add a new tag
Caveats
  • Supply blocks, unpowered buildings, or Contaminate may cause inaccurate times.
  • Supply counts are checked every 10 seconds.